Map: Backwater LE

Players

Matiz - Winner!

  • Race: Zerg Zerg
  • League: Master
  • Spawn Location: 11:00

A.I. 1 (Very Easy)

  • Race: Terran Terran
  • Spawn Location: 5:00

VOD

Have the link to the VOD?

Description

Time

  • Played on: April 14, 2018, 4:52 p.m.
  • Length: 5:58
Show
View Real Time Build Order
Export as new Build Order

Matiz Zerg - Winner!

Build Orders: Hatch First, Ravager All-In 

Get SALT Encoding   

  12  0:01  Drone  
  13  0:13  Overlord  
  13  0:17  Drone  
  14  0:22  Extractor  
  14  0:23  Drone  
  15  0:32  Drone  
  16  0:36  Drone  
  17  0:53  Hatchery  
  17  0:55  Drone  
  17  0:58  Drone  
  17  1:01  Extractor  
  17  1:08  Drone  
  18  1:17  Spawning Pool  
  17  1:20  Drone  
  18  1:29  Drone  
  19  1:45  Overlord  
  19  2:03  Metabolic Boost  
  19  2:04  Queen  
  19  2:05  Queen  
  19  2:06  Zergling x4  
  25  2:11  Drone  
  25  2:12  Drone  
  27  2:21  Drone  
  28  2:23  Drone  
  28  2:27  Drone  
  30  2:34  Drone  
  31  2:46  Hatchery  
  31  2:47  Drone  
  31  2:52  Overlord  
  31  2:56  Drone  
  32  3:02  Drone x2  
  34  3:14  Drone x6  
  34  3:16  Drone  
  41  3:21  Drone  
  41  3:22  Drone  
  41  3:25  Overlord  
  43  3:35  Roach Warren  
  43  3:36  Zergling x2, Extractor  
  43  3:37  Zergling x2, Extractor  
  42  3:47  Queen  
  44  3:50  Drone x4  
  44  3:51  Zergling x2  
  49  4:02  Overlord x3  
  49  4:17  Roach  
  49  4:18  Roach x3  
  49  4:21  Roach  
  49  4:22  Roach x2  
  63  4:25  Roach  
  63  4:31  Roach x2  
  69  4:35  Roach x2  
  73  4:39  Overlord  
  73  4:44  Ravager x4  
  77  4:46  Ravager  
  77  4:48  Zergling x4  
  80  4:58  Overlord  
  80  4:59  Zergling x10  
  85  5:02  Ravager  
  85  5:06  Zergling x6  
  89  5:08  Zergling x2  
  89  5:12  Overlord  
  90  5:19  Ravager x2  
  92  5:23  Zergling x12  
  96  5:35  Zergling x2  
  96  5:36  Zergling x12  
  96  5:38  Ravager x2  
Show
View Real Time Build Order
Export as new Build Order

A.I. 1 (Very Easy) Terran 

Build Orders:  

Get SALT Encoding   

  12  0:00  SCV  
  13  0:13  SCV  
  14  0:19  Supply Depot  
  14  0:36  Refinery  
  14  0:46  Barracks  
  14  1:05  Supply Depot  
  14  1:12  Refinery  
  14  1:33  Barracks Tech Lab  
  14  1:34  Orbital Command  
  14  1:51  Marine  
  15  2:00  SCV  
  16  2:12  SCV  
  17  2:24  SCV  
  18  2:34  Marine  
  18  2:36  SCV  
  20  2:48  SCV  
  21  3:00  SCV  
  22  3:17  Marauder  
  24  5:25  SCV  
  24  5:27  Marine  
  25  5:29  Supply Depot  
  21  5:38  SCV  
Tags
 
League
Master
Matchup
TvZ
Spawn Locations
Cross Positions
Add a new tag
Caveats
  • Supply blocks, unpowered buildings, or Contaminate may cause inaccurate times.
  • Supply counts are checked every 10 seconds.